 Dungeon Crawl Stone Soup version 0.31-a0-968-g24f9ace8b5 (webtiles) character file.

Game seed: 5678820600397660271

77 Dittersdorf the Shield-Bearer (level 4, -3/29 HPs)
             Began as a Gargoyle Fighter on Oct 27, 2023.
             Killed from afar by Jessica (11 damage)
             ... with a puff of flame
             ... on level 3 of the Dungeon.
             The game lasted 00:01:17 (1403 turns).

Dittersdorf the Shield-Bearer (Gargoyle Fighter)    Turns: 1403, Time: 00:01:18

Health: -3/29      AC: 10    Str: 22    XL:     4   Next: 33%
Magic:  4/4        EV:  9    Int:  8    God:
Gold:   58         SH:  4    Dex:  9    Spells: 3/3 levels left

rFire   . . .        a - +0 flail
rCold   . . .        c - +0 buckler
rNeg    + . .        b - +0 scale mail
rPois   ∞            (no helmet)
rElec   +            (no cloak)
rCorr   .            (no gloves)
SInv    .            (no boots)
Will    .....        (no amulet) Stlth
                     (no ring)
HPRegen 0.24/turn    (no ring)
MPRegen 0.09/turn

%: no passive effects
@: no status effects
A: sickness immunity, AC +3, negative energy resistance 1, electricity
resistance, torment resistance 1, petrification resistance
a: no special abilities


You were on level 3 of the Dungeon.
You visited 1 branch of the dungeon, and saw 3 of its levels.

You collected 58 gold pieces.

Inventory:

Hand Weapons
 a - a +0 flail (weapon)
Armour
 b - a +0 scale mail (worn)
 c - a +0 buckler (worn)
Scrolls
 f - a scroll of fog {unknown}
 h - a scroll of teleportation {unknown}
 j - a scroll of identify {unknown}
Potions
 d - 4 potions of might
 e - a potion of heal wounds {unknown}
 g - a potion of haste {unknown}
 i - a potion of enlightenment {unknown}


   Skills:
 + Level 3.9 Fighting
 + Level 2.8 Maces & Flails
 + Level 3.9 Armour
 + Level 4.0 Shields


You had 3 spell levels left.
You didn't know any spells.
Your spell library contained the following spells:

 Spells                   Type           Power      Damage    Failure   Level
 Tukima's Dance           Hex            0%         N/A       99%         3
 Passage of Golubria      Tloc           0%         N/A       100%        4
 Yara's Violent Unravell  Hex/Tmut       0%         3d3       100%        5
 Simulacrum               Ice/Necr       0%         N/A       100%        6
 Ozocubu's Refrigeration  Ice            0%         4d7       100%        7
 Polar Vortex             Ice            0%         N/A       100%        9


Dungeon Overview and Level Annotations

Branches:
Dungeon (3/15)

Altars:

Annotations:
D:3 Jessica


Innate Abilities, Weirdness & Mutations

You are immune to sickness and miasma.
Your stone body is resilient. (AC +3)
You are immune to poison.
You resist negative energy. (rN+)
You are resistant to electric shocks. (rElec)
You are resistant to unholy torment.
You are immune to petrification.


Message History

The adder bites you but does no damage.
Jessica zaps a wand.
The puff of flame hits you but does no damage.
You are too injured to fight recklessly!
You are too injured to fight recklessly!
You are too injured to fight recklessly!
You are too injured to fight recklessly!
You are too injured to fight recklessly!
You are too injured to fight recklessly!
You are too injured to fight recklessly!
You are too injured to fight recklessly!
You are too injured to fight recklessly!
You are too injured to fight recklessly!
You are too injured to fight recklessly!
You are too injured to fight recklessly!
You are too injured to fight recklessly!
You are too injured to fight recklessly!
You are too injured to fight recklessly!
You are too injured to fight recklessly!
You are too injured to fight recklessly!
You are too injured to fight recklessly!
You are too injured to fight recklessly!
You are too injured to fight recklessly!
You are too injured to fight recklessly!
You are too injured to fight recklessly!
You hit the adder but do no damage. The adder bites you.
* * * LOW HITPOINT WARNING * * *
The adder bites you but does no damage.
You barely miss the adder. The adder bites you but does no damage.
Jessica zaps a wand.
The puff of flame misses you.
The puff of flame hits the adder!
The adder bites you but does no damage.
You hit the adder.
You kill the adder!
Jessica mumbles some strange words.
Jessica blinks!
Your Shields skill increases to level 4!
You barely miss Jessica. You block Jessica's attack.
Jessica gestures at you while chanting. You resist with some effort.
You closely miss Jessica.
Jessica zaps a wand.
The puff of flame hits you!
You die...

### #.. ...# #.# #..#
##### .. #.# #..###...
....###.###..##...#
.............##.@.# #
###.####.##.@.#
#.#.....##.###.##
###.#.###.##)###.####.#
..#...# #.............#
...##.###.##.###.######
(##.#........# #.#
.##......##### #.#
.##.####.# #.# ...##
#.# #.#


You could see Jessica.

Vanquished Creatures
  3 adders
  3 dart slugs
  10 endoplasms
  4 giant cockroaches
  7 goblins
  2 hobgoblins
  3 jackals (D:1)
  A kobold (D:1)
  A quokka (D:3)
  2 ball pythons (D:2)
  6 bats
  A frilled lizard (D:1)
  A rat (D:1)
44 creatures vanquished.

Notes
Turn   | Place    | Note
-------+----------+-------------------------------------------
     0 | D:1      | Dittersdorf the Gargoyle Fighter began the quest for the
                  | Orb.
     0 | D:1      | Reached XP level 1. HP: 14/14 MP: 1/1
   121 | D:1      | Reached XP level 2. HP: 8/19 MP: 2/2
   731 | D:2      | Reached XP level 3. HP: 23/23 MP: 3/3
   912 | D:2      | Reached XP level 4. HP: 28/29 MP: 4/4
  1391 | D:3      | Noticed Jessica
  1402 | D:3      | Reached skill level 4 in Shields
  1403 | D:3      | Killed from afar by Jessica

Illustrated notes

Levels and vault maps discovered:
D:1:      lightli_molten_gateway, layout_rooms
D:2:      layout_basic
D:3:      layout_loops_ring, serial_shops, shop, uniq_crazy_yiuf_cottage,
          uniq_terence, uniq_jessica

Skill      XL: |  1  2  3  4 |
---------------+-------------+-----
Shields        | 4 |  4.0
Fighting       | |  3.9
Maces & Flails | |  2.8
Armour         | |  3.9

Action                     |  1- 3 |  4- 6 || total
---------------------------+-------+-------++-------
  Melee: Flail             |   106 |    37 ||   143
 Armour: Scale mail        |    82 |    40 ||   122
  Dodge: Dodged            |    67 |    18 ||    85
  Block: Buckler           |    21 |     8 ||    29

Table legend: (Time is in decaauts)
 A = Elapsed time spent in this place.
 B = Non-inter-level travel time spent in this place.
 C = Inter-level travel time spent in this place.
 D = Time resting spent in this place.
 E = Time spent auto-exploring this place.
 F = Levels seen in this place.
 G = Mean time per level.
                   A        B        C        D        E       F      G
               +--------+--------+--------+--------+--------+-----+--------+
         Total |   1447 |   1363 |     84 |      0 |   1064 |   3 |  482.3 |
       Dungeon |   1447 |   1363 |     84 |      0 |   1064 |   3 |  482.3 |
               +--------+--------+--------+--------+--------+-----+--------+

Top non-repeatable levels by time:
     D:2: 708 daAuts
     D:1: 654 daAuts
     D:3: 84 daAuts
